 Dungeon Crawl Stone Soup version 0.28.0-53-g5a82cb258f (webtiles) character file.

Game seed: 18205938857912301816

86 Jerry the Chucker (level 4, -1/42 HPs)
             Began as a Troll Hunter on June 22, 2022.
             Killed from afar by Natasha (4 damage)
             ... with a puff of flame
             ... on level 3 of the Dungeon.
             The game lasted 00:06:47 (1796 turns).

Jerry the Chucker (Troll Hunter)                    Turns: 1796, Time: 00:06:49

Health: -1/42      AC:  5    Str: 20    XL:     4   Next: 26%
Magic:  3/3        EV: 10    Int:  9    God:
Gold:   105        SH:  0    Dex: 10    Spells: 3/3 levels left

rFire   . . .      SeeInvis .   o - +4 short sword
rCold   . . .      Faith    .   (no shield)
rNeg    . . .      Spirit   .   h - +1 robe {Will+}
rPois   .          Reflect  .   (helmet restricted)
rElec   .          Harm     .   (no cloak)
rCorr   .          Rampage  .   (gloves unavailable)
Will    +....                   (boots unavailable)
Stlth   +.........              (no amulet)
HPRegen 0.94/turn               (no ring)
MPRegen 0.08/turn               (no ring)

@: no status effects
A: large, unfitting armour, claws 3, regeneration 1, shaggy fur 1, tough skin 1
a: no special abilities


You were on level 3 of the Dungeon.
You visited 1 branch of the dungeon, and saw 3 of its levels.

You collected 105 gold pieces.

Inventory:

Hand Weapons
 k - a +0 whip
 o - a +4 short sword (weapon)
Missiles
 c - 5 large rocks (quivered)
 d - 2 throwing nets
Armour
 h - a +1 robe of willpower (worn)
 m - a +0 tower shield
Magical Staves
 f - a staff of poison
Scrolls
 a - 2 scrolls of noise {unknown}
 b - a scroll of fog {unknown}
 e - a scroll of identify {unknown}
 g - a scroll of acquirement {unknown}
 j - a scroll of enchant armour {unknown}
 n - a scroll of holy word {unknown}
 p - a scroll of teleportation {unknown}
Potions
 i - a potion of invisibility {unknown}
 l - a potion of curing {unknown}


   Skills:
 - Level 2.0 Fighting
 * Level 1.7 Maces & Flails
 + Level 4.1 Throwing
 + Level 2.3 Dodging
 - Level 0.3 Stealth


You had 3 spell levels left.
You didn't know any spells.
Your spell library contained the following spells:

 Spells                   Type           Power      Damage    Failure   Level
 Gell's Gravitas          Tloc           0%         N/A       77%         3
 Lesser Beckoning         Tloc           0%         N/A       77%         3
 Teleport Other           Tloc           0%         N/A       77%         3


Dungeon Overview and Level Annotations

Branches:
Dungeon (3/15)

Altars:

Shops:
D:1 (

Annotations:
D:3 Natasha


Innate Abilities, Weirdness & Mutations

You are too large for most types of armour.
You have claws for hands.
Your natural rate of healing is unusually fast.
You are covered in fur. (AC +1)
You have tough skin. (AC +1)


Message History

You are too injured to fight recklessly!
You are too injured to fight recklessly!
You are too injured to fight recklessly!
You are too injured to fight recklessly!
You are too injured to fight recklessly!
You are too injured to fight recklessly!
You are too injured to fight recklessly!
You are too injured to fight recklessly!
You are too injured to fight recklessly!
You closely miss Natasha. Natasha closely misses you.
You puncture Natasha!
Natasha is heavily wounded.
Natasha claws you!
You closely miss Natasha.
Natasha is heavily wounded.
Natasha barely misses you.
You closely miss Natasha.
Natasha is heavily wounded.
Natasha closely misses you.
You barely miss Natasha.
Natasha is heavily wounded.
Natasha zaps a wand.
The puff of flame misses you.
You barely miss Natasha.
Natasha is heavily wounded.
Natasha zaps a wand.
The puff of flame hits you.
You hit Natasha.
Natasha is severely wounded.
Natasha claws you!
* * * LOW HITPOINT WARNING * * *
The endoplasm freezes you.
You are frozen.
* * * LOW HITPOINT WARNING * * *
You hit Natasha.
Natasha is almost dead.
The endoplasm freezes you.
You are frozen.
* * * LOW HITPOINT WARNING * * *
Natasha claws you but does no damage. The endoplasm misses you.
Natasha zaps a wand.
The puff of flame hits you.
You die...

#........ #........
..# #....(... ...
#.......# #..# ..
#.......# #..####...
#.......###..#......
...
......J......+.....
...
.##.h@.....#...###
...
#>................+
..
####............###
.. ####...........#.
.........###...#.)
................#...
................#....
########........#....
............+....


You could see Natasha and an endoplasm.

Vanquished Creatures
  Natasha (D:3)
  2 adders
  An orc (D:3)
  3 ball pythons
  5 bats
  3 endoplasms (D:1)
  A giant cockroach (D:1)
  3 goblins
  3 hobgoblins
  9 kobolds
  3 quokkas (D:2)
  4 frilled lizards
  2 rats
40 creatures vanquished.

Notes
Turn   | Place    | Note
-------+----------+-------------------------------------------
     0 | D:1      | Jerry the Troll Hunter began the quest for the Orb.
     0 | D:1      | Reached XP level 1. HP: 19/19 MP: 0/0
   273 | D:1      | Reached XP level 2. HP: 28/28 MP: 1/1
   283 | D:1      | Found a faded altar of an unknown god.
   351 | D:1      | Found Ruluphen's Weapon Boutique.
   860 | D:2      | Reached XP level 3. HP: 35/35 MP: 2/2
   868 | D:2      | Reached skill level 4 in Throwing
   911 | D:2      | Reached skill level 1 in Maces & Flails
  1738 | D:3      | Noticed Natasha
  1746 | D:3      | Killed Natasha
  1747 | D:3      | Reached XP level 4. HP: 41/42 MP: 3/3
  1783 | D:3      | Noticed Natasha
  1796 | D:3      | Killed from afar by Natasha

Illustrated notes

Levels and vault maps discovered:
D:1:      minmay_arrival_stair_chambers, layout_rooms,
          hellmonk_ecumenical_altar_arch_garden, serial_shops,
          nicolae_square_shop
D:2:      layout_basic, chequers_serial_rivers_small_b
D:3:      layout_basic, uniq_natasha

Skill      XL: |  1  2  3 |
---------------+----------+-----
Fighting       | 2 |  2.0
Dodging        | 2 |  2.3
Throwing       | 4 |  4.1
Maces & Flails | 1 |  1.7
Stealth        | |  0.3

Action                   |  1- 3 |  4- 6 || total
-------------------------+-------+-------++-------
Melee: Staff             |   161 |       ||   161
       Punch             |     2 |       ||     2
       Whip              |    20 |       ||    20
       Short sword       |    15 |    12 ||    27
 Stab: Sleeping          |     1 |       ||     1
Armor: Robe              |   100 |     4 ||   104
Dodge: Dodged            |   137 |     6 ||   143
